Map: Cerulean Fall LE

Players

Internetz - Winner!

  • Race: Protoss Protoss
  • League: Platinum
  • Spawn Location: 1:00

ash

  • Race: Zerg Zerg
  • League: Platinum
  • Spawn Location: 7:00

VOD

Have the link to the VOD?

Description

Time

  • Played on: Oct. 27, 2018, 12:18 a.m.
  • Length: 14:21
Show
View Real Time Build Order
Export as new Build Order

Internetz Protoss - Winner!

Build Orders: 1 Gate Expand, Phoenix Opening 

Get SALT Encoding   

  12  0:01  Probe  
  13  0:13  Probe  
  14  0:19  Pylon  
  14  0:25  Probe  
  15  0:33  Probe  
  15  0:41  Probe, Gateway  
  16  0:49  Assimilator  
  17  0:55  Probe  
  18  1:07  Probe  
  19  1:19  Probe  
  19  1:33  Nexus  
  19  1:42  Cybernetics Core  
  19  1:46  Probe  
  20  1:53  Assimilator  
  20  1:58  Probe  
  21  2:07  Pylon  
  21  2:10  Probe  
  22  2:16  Adept  
  22  2:22  Probe  
  25  2:31  Stargate  
  25  2:34  Probe  
  25  2:35  Warp Gate  
  26  2:45  Probe  
  26  2:46  Probe  
  28  2:53  Probe  
  29  2:58  Probe  
  29  3:02  Pylon, Adept  
  29  3:03  Probe  
  33  3:07  Phoenix  
  33  3:11  Probe  
  36  3:24  Probe x2  
  38  3:34  Shield Battery  
  38  3:39  Fleet Beacon  
  38  3:41  Probe  
  38  3:47  Probe  
  40  3:51  Assimilator  
  40  3:53  Probe, Assimilator  
  41  3:58  Adept  
  41  4:01  Probe  
  44  4:05  Probe  
  45  4:13  Probe, Protoss Air Weapons Level 1  
  45  4:15  Tempest  
  46  4:18  Probe  
  47  4:26  Probe  
  47  4:30  Probe  
  54  4:43  Stargate  
  54  4:46  Pylon  
  54  4:49  Pylon  
  54  4:52  Pylon  
  54  4:59  Tempest  
  54  5:04  Probe x2  
  61  5:16  Probe x2  
  63  5:28  Probe x2  
  65  5:33  Tempest  
  65  5:37  Nexus  
  65  5:41  Pylon  
  65  5:42  Tempest  
  70  5:45  Pylon  
  75  5:54  Protoss Air Armor Level 1  
  75  5:58  Zealot  
  77  6:04  Pylon  
  77  6:05  Pylon  
  77  6:06  Probe x2  
  79  6:18  Probe  
  79  6:19  Pylon  
  79  6:21  Pylon  
  79  6:23  Forge  
  79  6:25  Tempest x2  
  90  6:40  Probe x2, Forge  
  90  6:43  Forge  
  91  6:52  Probe x2, Adept  
  95  7:02  Probe, Tempest  
  95  7:04  Probe  
  102  7:12  Protoss Shields Level 1  
  102  7:21  Probe x3  
  105  7:29  Pylon  
  105  7:32  Pylon  
  105  7:33  Probe  
  105  7:35  Pylon  
  106  7:41  Tempest x2  
  106  7:47  Protoss Air Weapons Level 2  
  116  8:08  Nexus  
  116  8:09  Stalker  
  116  8:10  Pylon  
  118  8:13  Pylon  
  118  8:16  Carrier  
  118  8:17  Photon Cannon  
  118  8:19  Photon Cannon  
  118  8:22  Probe x3, Photon Cannon  
  118  8:25  Assimilator  
  121  8:28  Photon Cannon  
  121  8:29  Photon Cannon, Assimilator  
  121  8:33  Photon Cannon  
  121  8:34  Probe x3  
  123  8:37  Tempest  
  124  8:41  Shield Battery  
  124  8:43  Shield Battery  
  124  8:44  Shield Battery  
  124  8:46  Probe  
  136  9:02  Carrier, Protoss Ground Weapons Level 1  
  121  9:25  Stargate  
  121  9:26  Mothership  
  121  9:29  Stargate  
  121  9:36  Probe x2  
  129  9:40  Probe x2  
  129  9:42  Assimilator  
  131  9:46  Assimilator  
  131  9:48  Pylon, Photon Cannon  
  131  9:50  Photon Cannon  
  131  9:52  Shield Battery, Photon Cannon  
  139  9:54  Pylon  
  139  10:01  Carrier  
  124  10:17  Protoss Air Weapons Level 3  
  124  10:22  Tempest x2  
  124  10:27  Probe x2  
  124  10:28  Probe  
  140  10:35  Probe  
  143  10:36  Probe x2  
  146  10:48  Pylon  
  146  10:50  Tempest  
  146  10:51  Pylon  
  146  10:54  Photon Cannon  
  146  10:56  Photon Cannon  
  151  11:01  Tempest  
  151  11:02  Twilight Council  
  156  11:13  Nexus  
  156  11:15  Pylon  
  156  11:18  Pylon  
  156  11:23  Pylon  
  156  11:24  Void Ray  
  156  11:25  Void Ray  
  160  11:27  Void Ray  
  164  11:36  Void Ray  
  170  11:58  Nexus  
  170  12:00  Pylon  
  170  12:03  Shield Battery  
  170  12:05  Shield Battery  
  170  12:07  Tempest, Photon Cannon  
  175  12:10  Photon Cannon  
  175  12:21  Stargate x2  
  163  12:41  Tempest  
  179  13:00  Zealot  
  179  13:04  Tempest  
  179  13:05  Tempest  
  186  13:12  Pylon  
  180  13:22  Tempest  
  180  13:23  Pylon  
  180  13:24  Void Ray  
  180  13:26  Pylon  
  184  13:31  Void Ray x2  
  184  13:32  Probe x4  
  188  13:46  Photon Cannon  
  197  13:48  Photon Cannon  
  197  13:50  Photon Cannon  
  197  13:57  Nexus  
  197  14:01  Pylon  
  197  14:04  Photon Cannon  
  197  14:05  Pylon, Photon Cannon  
  197  14:07  Shield Battery  
  197  14:08  Pylon  
  192  14:13  Pylon  
Show
View Real Time Build Order
Export as new Build Order

ash Zerg 

Build Orders: Hatch First 

Get SALT Encoding   

  12  0:01  Drone  
  13  0:13  Overlord  
  13  0:17  Drone  
  14  0:31  Drone x2  
  14  0:35  Drone  
  17  0:46  Drone  
  18  1:00  Hatchery  
  18  1:02  Extractor  
  18  1:03  Drone  
  17  1:10  Drone  
  18  1:20  Drone  
  18  1:23  Spawning Pool  
  18  1:34  Drone  
  20  1:40  Drone  
  20  1:50  Drone  
  21  2:05  Drone  
  22  2:11  Queen, Overlord  
  22  2:12  Queen  
  22  2:13  Zergling x2  
  27  2:22  Metabolic Boost  
  27  2:23  Drone  
  28  2:35  Zergling x2  
  28  2:37  Drone  
  30  2:39  Drone  
  31  2:46  Roach Warren  
  31  2:48  Lair  
  30  2:55  Drone  
  30  2:56  Drone x2  
  33  3:02  Drone  
  34  3:07  Drone x2  
  36  3:21  Spore Crawler  
  36  3:22  Spore Crawler  
  36  3:23  Drone x2  
  36  3:24  Overlord  
  36  3:37  Extractor  
  36  3:39  Extractor  
  36  3:40  Drone x2  
  36  3:41  Extractor  
  35  3:52  Drone x2  
  35  3:53  Drone x2, Overlord  
  39  3:59  Drone  
  39  4:00  Hydralisk Den  
  39  4:03  Drone x3  
  42  4:11  Overlord  
  42  4:17  Overlord  
  42  4:21  Drone x2  
  44  4:24  Drone x2  
  44  4:25  Drone  
  47  4:31  Hydralisk  
  47  4:35  Hydralisk, Grooved Spines  
  47  4:37  Roach x2  
  55  4:44  Drone x3  
  58  4:51  Hydralisk  
  60  4:55  Overlord  
  60  5:10  Overlord  
  60  5:20  Hydralisk x2  
  64  5:21  Hatchery  
  64  5:27  Overlord, Queen  
  65  5:29  Drone x4  
  69  5:37  Zergling x8  
  72  5:49  Evolution Chamber  
  71  5:54  Roach x2  
  74  6:02  Hydralisk x5  
  83  6:32  Hydralisk x4  
  72  6:33  Hydralisk  
  72  6:36  Zerg Missile Weapons Level 1  
  80  6:41  Overseer  
  80  6:43  Hydralisk x5  
  90  6:51  Overlord  
  90  7:05  Muscular Augments  
  90  7:09  Overlord x3  
  90  7:11  Queen  
  90  7:12  Overlord  
  90  7:13  Hydralisk x3  
  98  7:19  Overlord  
  98  7:27  Drone  
  98  7:28  Drone  
  98  7:47  Zergling x12  
  98  7:48  Zergling x10  
  107  7:56  Zergling x4  
  109  7:59  Drone  
  109  8:00  Drone x2  
  112  8:06  Zergling x6  
  115  8:28  Drone x3  
  118  8:34  Hydralisk x6  
  118  8:36  Drone  
  127  8:45  Zergling x4  
  128  8:58  Hatchery  
  128  8:59  Hydralisk  
  128  9:01  Overlord x2  
  98  9:27  Hydralisk x8  
  98  9:28  Hydralisk x3  
  113  9:36  Ravager x2  
  113  9:37  Ravager x2  
  113  9:38  Hydralisk  
  119  9:41  Zergling x4  
  121  9:48  Glial Reconstitution  
  121  9:49  Spire  
  121  9:50  Zergling x2  
  121  9:51  Zergling x4  
  123  9:53  Zerg Ground Armor Level 1  
  123  9:55  Drone  
  123  9:58  Extractor  
  113  10:15  Hydralisk  
  113  10:16  Hydralisk x6  
  120  10:25  Hydralisk x6  
  132  10:31  Hydralisk x2  
  132  10:35  Drone x2  
  138  10:40  Hydralisk  
  140  10:55  Hydralisk  
  140  10:56  Hydralisk  
  144  10:58  Overlord x3  
  144  11:00  Hatchery  
  143  11:04  Infestation Pit  
  142  11:12  Zergling x4  
  142  11:26  Hydralisk x9  
  142  11:27  Hydralisk  
  142  11:28  Drone x2  
  137  11:50  Hydralisk x5  
  137  11:51  Hydralisk  
  137  11:53  Drone  
  137  11:54  Drone x2  
  144  12:00  Zergling x8  
  142  12:02  Corruptor  
  144  12:17  Spore Crawler, Drone  
  144  12:18  Drone x6  
  150  12:28  Evolution Chamber, Infestor  
  151  12:30  Corruptor  
  140  12:47  Hydralisk x3  
  140  12:48  Hydralisk x3  
  150  12:52  Overseer  
  150  12:53  Zergling x10  
  150  12:54  Zergling x12  
  147  13:14  Zergling x8  
  147  13:15  Zergling x8, Hydralisk x2  
  143  13:21  Hydralisk x5  
  137  13:31  Hydralisk  
  137  13:32  Hydralisk x3  
  145  13:35  Drone  
  145  13:37  Extractor  
  145  13:38  Queen  
  145  13:39  Extractor  
  145  13:40  Extractor  
  125  14:14  Spore Crawler  
  125  14:15  Spore Crawler  
Tags
 
Add a new tag
Caveats
  • Supply blocks, unpowered buildings, or Contaminate may cause inaccurate times.
  • Supply counts are checked every 10 seconds.